 Dungeon Crawl Stone Soup version 0.21.1-1-g345015fe64 (webtiles) character file.

16648 KleinerIrrer the Cleaver (level 12, -21/76 HPs)
             Began as a Gargoyle Fighter on Apr 4, 2018.
             Was a High Priest of Okawaru.
             Demolished by a very large slime creature (23 damage)
             ... on level 11 of the Dungeon.
             The game lasted 00:04:58 (14763 turns).

KleinerIrrer the Cleaver (Gargoyle Fighter)        Turns: 14763, Time: 00:04:59

Health: -21/76     AC: 34    Str: 25    XL:     12   Next: 39%
Magic:  19/19      EV: 10    Int: 12    God:    Okawaru [*****.]
Gold:   825        SH: 13    Dex:  9    Spells: 11/11 levels left

rFire    + . .     SeeInvis .   b - +0 mace "Demonbane" {crush, -Tele rN+ Int+3} (curse)
rCold    + . .     Gourm    .   c - +0 shield
rNeg     + + .     Faith    +   y - +0 plate armour
rPois    ∞         Spirit   .   o - +2 hat
rElec    +         Reflect  .   v - +2 cloak
rCorr    .         Harm     .   j - +0 pair of gloves
MR       .....     NoTele   +   f - +0 pair of boots
Stlth    ..........             n - amulet of faith
HPRegen  0.22/turn              t - ring of protection from cold
MPRegen  0.16/turn              g - ring of protection from fire

@: heroism
A: negative energy resistance 1, electricity resistance, unbreathing,
petrification resistance, rot immunity, AC +8
a: Heroism, Finesse, Renounce Religion


You were on level 11 of the Dungeon.
You worshipped Okawaru.
Okawaru was extremely pleased with you.
You were hungry.

You visited 3 branches of the dungeon, and saw 13 of its levels.
You also visited: Sewer and Ossuary.

You collected 945 gold pieces.
You spent 120 gold pieces at shops.


Innate Abilities, Weirdness & Mutations

You are resistant to torment.
Your stone body is resilient. (AC +8)
You are immune to poison.
You resist negative energy. (rN+)
You are resistant to electric shocks. (rElec)
You can survive without breathing.
You are immune to petrification.
You are immune to rotting.


   Skills:
 - Level 9.0(14.0) Fighting
 - Level 11.0(16.0) Axes
 - Level 9.0(14.0) Armour
 + Level 1.3(6.3) Dodging
 - Level 9.0(14.0) Shields
 - Level 10.1 Invocations


You had 11 spell levels left.
You didn't know any spells.

Inventory:

Hand Weapons
 a - a +0 flail
 b - the cursed +0 mace "Demonbane" (weapon) {crush, -Tele rN+ Int+3}
   (You took it off a hobgoblin on level 7 of the Dungeon)

   It inflicts extra damage upon your enemies.
   It affects your intelligence (+3).
   It protects you from negative energy.
   It prevents most forms of teleportation.
   It has a curse placed upon it.
 l - a +0 falchion of flaming
 s - a +2 scimitar of protection
 w - a +1 war axe
Armour
 c - a +0 shield (worn)
 f - a +0 pair of boots (worn)
 j - a +0 pair of gloves (worn)
 o - a +2 hat (worn)
 v - a +2 cloak (worn)
 y - a +0 plate armour (worn)
Jewellery
 g - a ring of protection from fire (right hand)
 i - an uncursed ring of ice
 n - an amulet of faith (around neck)
 t - a ring of protection from cold (left hand)
Wands
 h - a wand of digging (2)
Scrolls
 q - a scroll of identify
 Y - 3 scrolls of teleportation
Potions
 d - 5 potions of might
 k - 2 potions of resistance
 p - 3 potions of curing
 r - a potion of haste
Comestibles
 e - 9 rations
 m - 5 chunks of flesh

Dungeon Overview and Level Annotations

Branches:
Dungeon (11/15)            Temple (1/1) D:5            Lair (1/6) D:9
    Orc (0/2) D:10

Altars:
Ashenzari
Cheibriados
Dithmenos
Elyvilon
Fedhas
Gozag
Hepliaklqana
Kikubaaqudgha
Makhleb
Nemelex Xobeh
Okawaru
Qazlal
Ru
Sif Muna
Trog
Uskayaw
Vehumet
Wu Jian
Xom
Yredelemnul
Zin
The Shining One

Shops:
D:6 **

Annotations:
D:3 1 runed door


Message History

The very large slime creature is moderately wounded.
The hound completely misses you.
You block the very large slime creature's attack.
You block the hound's attack.
You hit the very large slime creature but do no damage.
The very large slime creature is moderately wounded.
You block the hound's attack.
You sock the very large slime creature!
The very large slime creature is heavily wounded.
The very large slime creature hits you! The hound bites you but does no damage.
You barely miss the very large slime creature.
The very large slime creature is heavily wounded.
The very large slime creature hits you!!
The hound bites you but does no damage.
14763 ||| READING 3 scrolls of teleportation.
You cannot teleport because you are wielding the cursed +0 mace "Demonbane" {crush, -Tele rN+ Int+3}.
Teleport failed despite returning true.
You hit the hound but do no damage. The hound barely misses you.
The very large slime creature hits you!!
You die...

##. #.. # # #.#
.## #.##.##...#.#
#.......(...# #
####.##...### # #.
#.# .## ##.##.###
#J# # ........##
#@#
?.......%#######h#
##.##.#..........#
#.##.#########
#........).#
.#####.#####.#
##.#####.#
.........#
.#####..##


You could see a very large slime creature and a hound.

Vanquished Creatures
  Snorg (D:10)
  Harold (D:10)
  A hydra (D:8)
  4 two-headed ogres
  The ghost of TheWayOfAllFlesh the Magician, a novice GnSk of Kikubaaqudgha (D:8)
  A cyclops (D:8)
  Maurice (D:9)
  2 spiny frogs
  A troll (D:9)
  2 dream sheep (D:8)
  2 hippogriffs
  20 yaks
  4 hungry ghosts (D:10)
  A soldier ant (D:10)
  2 orc warriors
  A water moccasin (D:11)
  2 phantoms
  3 ice beasts
  A black bear (D:10)
  2 necrophages
  3 sky beasts
  2 ogres
  4 centaurs
  2 crocodiles
  5 big kobolds
  5 bullfrogs
  3 gnoll sergeants
  2 scorpions
  A water moccasin skeleton (D:8)
  4 troll zombies (D:10)
  16 killer bees
  6 howler monkeys
  A crimson imp (D:9)
  A gnoll shaman (D:7)
  7 hounds
  5 orc priests
  4 iguanas
  4 worker ants
  Natasha (thrice) (D:3)
  12 orc wizards
  2 ogre zombies (D:10)
  4 big kobold zombies (Ossuary)
  A hound zombie (D:9)
  2 hound skeletons (D:9)
  2 mummies (Ossuary)
  3 worker ant zombies
  A howler monkey skeleton (D:9)
  14 adders
  11 gnolls
  4 river rats (Sewer)
  3 shadow imps
  An ooze (Sewer)
  An adder zombie (D:5)
  3 adder skeletons
  A worm (D:2)
  A leopard gecko (D:11)
  27 orcs
  9 giant cockroaches
  3 goblins (D:1)
  12 hobgoblins
  14 jackals
  5 quokkas
  11 ball pythons
  6 bats
  5 frilled lizards
  3 gnoll zombies (Ossuary)
  3 goblin skeletons (D:10)
  4 goblin zombies (Ossuary)
  5 hobgoblin zombies
  14 kobolds
  A leopard gecko zombie (D:8)
  4 orc skeletons (D:10)
  8 orc zombies
  33 rats
  A spectral orc (D:9)
  2 plants (D:7)
367 creatures vanquished.

Vanquished Creatures (others)
  An adder zombie (D:5)
  A frilled lizard (D:5)
2 creatures vanquished.

Grand Total: 369 creatures vanquished

Notes
Turn   | Place    | Note
-------+----------+-------------------------------------------
     0 | D:1      | KleinerIrrer the Gargoyle Fighter began the quest for the Orb.
     0 | D:1      | Reached XP level 1. HP: 14/14 MP: 1/1
     0 | D:1      | 0 ||| counter = 15
    95 | D:1      | Reached skill level 2 in Axes
   159 | D:1      | Reached XP level 2. HP: 15/19 MP: 2/2
   513 | D:1      | Reached skill level 3 in Axes
   546 | D:1      | Reached XP level 3. HP: 23/23 MP: 3/3
   649 | D:1      | 649 ||| READING scroll labeled CIXZIT ANUO.
   650 | D:1      | 650 ||| READING scroll labeled VUNUNUS KUKUI.
   651 | D:1      | 651 ||| DRINKING 2 metallic red potions.
   652 | D:1      | 652 ||| DROPPING potion of flight.
   713 | D:2      | Found a hazy altar of Hepliaklqana.
   713 | D:2      | Found a glowing golden altar of the Shining One.
   741 | D:2      | 741 ||| DROPPING club.
   992 | D:2      | Reached XP level 4. HP: 22/28 MP: 4/4
  1422 | D:2      | Reached skill level 4 in Axes
  1613 | D:2      | 1613 ||| READING scroll labeled RUAVUUWNUM.
  1614 | D:2      | 1614 ||| READING 3 scrolls labeled LATOAW UKETYS.
  1615 | D:2      | 1615 ||| READING 2 scrolls labeled TUYSHOPHEE.
  1616 | D:2      | 1616 ||| DRINKING 2 fizzy dark potions.
  1617 | D:2      | 1617 ||| DRINKING 2 fizzy purple potions.
  1618 | D:2      | 1618 ||| READING 2 scrolls of identify.
  1618 | D:2      | 1618 ||| IDENTIFYING cyan potion
  1620 | D:2      | 1620 ||| DROPPING scroll of blinking.
  1621 | D:2      | 1621 ||| DROPPING potion of agility.
  1633 | D:3      | Found an opulent altar of Gozag.
  1789 | D:3      | Found an ancient bone altar of Kikubaaqudgha.
  1861 | D:3      | Noticed Natasha
  1879 | D:3      | HP: 7/28 [shadow imp/nerve-wracking pain[Natasha] (6)]
  1880 | D:3      | 1880 ||| DRINKING potion of heal wounds.
  1883 | D:3      | Killed Natasha
  1920 | D:3      | Noticed Natasha
  1924 | D:3      | Killed Natasha
  1924 | D:3      | Reached XP level 5. HP: 29/32 MP: 5/5
  2126 | D:3      | Noticed Natasha
  2136 | D:3      | Killed Natasha
  2136 | D:3      | Reached skill level 5 in Axes
  2279 | D:3      | Found a runed door.
  2325 | D:3      | 2325 ||| UPGRADING to chain mail.
  2335 | D:3      | 2335 ||| DROPPING +0 scale mail.
  2376 | D:4      | 2376 ||| STAIRDANCE
  2462 | D:4      | 2462 ||| STAIRDANCE
  2692 | D:4      | 2692 ||| EATING 2 rations.
  2728 | D:4      | Found a glowing drain.
  2729 | D:4      | 2729 ||| Found Sewer.
  2737 | Sewer    | Entered a sewer
  2738 | Sewer    | 2738 ||| Entered Sewer.
  2753 | Sewer    | 2753 ||| Stepping ~*~*~tactically~*~*~ (water).
  2797 | Sewer    | 2797 ||| Stepping ~*~*~tactically~*~*~ (water).
  2813 | Sewer    | 2813 ||| Stepping ~*~*~tactically~*~*~ (water).
  2867 | Sewer    | Reached XP level 6. HP: 18/38 MP: 6/6
  3044 | Sewer    | 3044 ||| Stepping ~*~*~tactically~*~*~ (water).
  3339 | Sewer    | Reached skill level 6 in Axes
  3339 | Sewer    | Reached XP level 7. HP: 28/43 MP: 7/7
  3480 | Sewer    | 3480 ||| READING 4 scrolls labeled PAODGH PEMOSY.
  3481 | Sewer    | 3481 ||| READING 5 scrolls labeled YVEZIGORUSK.
  3482 | Sewer    | 3482 ||| DRINKING 2 purple potions.
  3483 | Sewer    | 3483 ||| DRINKING 2 metallic white potions.
  3484 | Sewer    | 3484 ||| READING 2 scrolls of identify.
  3484 | Sewer    | 3484 ||| IDENTIFYING fizzy inky potion
  3485 | Sewer    | 3485 ||| DROPPING potion of brilliance.
  3486 | Sewer    | 3486 ||| DROPPING 3 scrolls of fog.
  3487 | Sewer    | 3487 ||| DROPPING 4 scrolls of magic mapping.
  3488 | Sewer    | 3488 ||| DROPPING potion of magic.
  3715 | D:4      | Reached skill level 1 in Dodging
  4209 | D:4      | 4209 ||| READING scroll labeled ASORPHU UDDENISH.
  4210 | D:4      | 4210 ||| READING scroll of identify.
  4210 | D:4      | 4210 ||| IDENTIFYING gilded ring
  4242 | D:5      | Entered Level 5 of the Dungeon
  4271 | D:5      | 4271 ||| EATING 2 rations.
  4279 | D:5      | 4279 ||| STAIRDANCE
  4472 | D:4      | 4472 ||| READING scroll labeled FAMEPH DURUOR.
  4494 | D:5      | 4494 ||| DROPPING whip.
  4503 | D:5      | Found a staircase to the Ecumenical Temple.
  4512 | D:5      | Reached skill level 7 in Axes
  4516 | Temple   | Entered the Ecumenical Temple
  4517 | Temple   | 4517 ||| Entered T.
  4657 | Temple   | Became a worshipper of Warmaster Okawaru
  4975 | D:5      | Reached XP level 8. HP: 49/49 MP: 8/8
  5087 | D:5      | 5087 ||| UPGRADING to flail.
  5088 | D:5      | 5088 ||| READING scroll of remove curse.
  5089 | D:5      | 5089 ||| SWAPPING to +1 war axe.
  5092 | D:5      | Found a radiant altar of Vehumet.
  5170 | D:5      | 5170 ||| DROPPING -2 flail.
  5213 | D:5      | 5213 ||| UPGRADING to pair of boots.
  5218 | D:5      | 5218 ||| UPGRADING to pair of gloves.
  5331 | D:6      | 5331 ||| DRINKING 2 potions of curing.
  5331 | D:6      | 5331 ||| (to cure confusion)
  5355 | D:6      | Found Cucof's Elemental Accessories.
  5387 | D:6      | Found a white marble altar of Elyvilon.
  5416 | D:6      | Found Efroh Jirra's General Store.
  5421 | D:6      | Bought a potion of resistance for 120 gold pieces
  5421 | D:6      | 5421 ||| SHOPLISTING +1 chain mail of cold resistance (198 gold, have 118).
  5421 | D:6      | 5421 ||| SHOPLISTING ring of resist corrosion (240 gold, have 118).
  5427 | D:6      | Found a bloodstained altar of Trog.
  5670 | D:6      | Found a sand-covered staircase.
  5671 | D:6      | 5671 ||| Found Ossuary.
  5675 | Ossuary  | Entered an ossuary
  5676 | Ossuary  | 5676 ||| Entered Ossuary.
  5941 | Ossuary  | 5941 ||| EATING 3 rations.
  6005 | Ossuary  | 6005 ||| UPGRADING to embroidered hat.
  6010 | Ossuary  | 6010 ||| READING scroll labeled AMYORCH ENKEU.
  6072 | Ossuary  | 6072 ||| DRINKING 2 pink potions.
  6082 | Ossuary  | 6082 ||| READING scroll of identify.
  6082 | Ossuary  | 6082 ||| IDENTIFYING tubular diamond ring
  6083 | Ossuary  | 6083 ||| UPGRADING to ring of protection from cold.
  6084 | Ossuary  | 6084 ||| DROPPING potion of ambrosia.
  6159 | D:6      | Reached * piety under Okawaru
  6393 | D:6      | Found a shattered altar of Ashenzari.
  6413 | D:7      | 6413 ||| DRINKING potion of curing.
  6413 | D:7      | 6413 ||| (to cure confusion)
  6620 | D:7      | Reached skill level 1 in Invocations
  6671 | D:7      | 6671 ||| INVOKING Heroism.
  6678 | D:7      | Reached skill level 8 in Axes
  6678 | D:7      | Reached skill level 3 in Invocations
  6986 | D:7      | Found a blossoming altar of Fedhas.
  6993 | D:7      | 6993 ||| INVOKING Heroism.
  7000 | D:7      | Reached XP level 9. HP: 46/54 MP: 8/12
  7008 | D:7      | Reached ** piety under Okawaru
  7259 | D:7      | 7259 ||| INVOKING Heroism.
  7264 | D:7      | Reached skill level 6 in Fighting
  7366 | D:7      | Reached skill level 6 in Shields
  7412 | D:7      | 7412 ||| INVOKING Heroism.
  7501 | D:7      | Got a steaming mace {crush}
  7507 | D:7      | 7507 ||| UPGRADING to enchanted war axe.
  7553 | D:7      | 7553 ||| INVOKING Heroism.
  7578 | D:7      | HP: 13/55 [gnoll sergeant/spear of flaming (3)]
  7579 | D:7      | 7579 ||| DRINKING 2 potions of heal wounds.
  7580 | D:7      | 7580 ||| INVOKING Heroism.
  7590 | D:7      | Reached skill level 9 in Axes
  7643 | D:7      | 7643 ||| STAIRDANCE
  7775 | D:7      | 7775 ||| STAIRDANCE
  8231 | D:7      | 8231 ||| UPGRADING to runed cloak.
  8236 | D:7      | 8236 ||| READING 2 scrolls of identify.
  8236 | D:7      | 8236 ||| IDENTIFYING brown potion
  8237 | D:7      | 8237 ||| DROPPING potion of lignification.
  8347 | D:8      | 8347 ||| INVOKING Heroism.
  8407 | D:8      | Noticed a two-headed ogre
  8407 | D:8      | 8407 ||| INVOKING Heroism.
  8416 | D:8      | Killed a two-headed ogre
  8416 | D:8      | Reached XP level 10. HP: 43/65 MP: 11/13
  8616 | D:8      | Noticed a cyclops
  8621 | D:8      | 8621 ||| INVOKING Heroism.
  8626 | D:8      | Noticed a two-headed ogre
  8634 | D:8      | Killed a cyclops
  8640 | D:8      | Killed a two-headed ogre
  8640 | D:8      | Reached *** piety under Okawaru
  9055 | D:8      | 9055 ||| READING scroll of remove curse.
  9056 | D:8      | 9056 ||| SWAPPING to +1 war axe.
  9057 | D:8      | 9057 ||| EATING 7 rations.
  9058 | D:8      | 9058 ||| DROPPING -3 war axe.
  9064 | D:8      | Noticed TheWayOfAllFlesh's ghost (novice GnSk)
  9071 | D:8      | 9071 ||| INVOKING Heroism.
  9088 | D:8      | Killed TheWayOfAllFlesh's ghost
  9088 | D:8      | Reached skill level 6 in Armour
  9112 | D:8      | Noticed a two-headed ogre
  9113 | D:8      | 9113 ||| INVOKING Heroism.
  9122 | D:8      | Killed a two-headed ogre
  9122 | D:8      | Reached **** piety under Okawaru
  9582 | D:8      | Reached XP level 11. HP: 63/69 MP: 14/14
  9611 | D:8      | Reached skill level 10 in Axes
  9612 | D:8      | 9612 ||| STAIRDANCE
  9641 | D:7      | 9641 ||| READING 2 scrolls of identify.
  9641 | D:7      | 9641 ||| IDENTIFYING dented silver amulet
  9642 | D:7      | 9642 ||| DROPPING amulet of the gourmand.
  9672 | D:8      | Reached skill level 9 in Fighting
  9729 | D:8      | Noticed a three-headed hydra
  9730 | D:8      | 9730 ||| INVOKING Heroism.
  9731 | D:8      | 9731 ||| SWAPPING to steaming mace {crush}.
  9731 | D:8      | Identified the cursed +0 mace "Demonbane" {crush, -Tele rN+ Int+3} (You took it off a hobgoblin on level 7 of the Dungeon)
  9741 | D:8      | Killed a three-headed hydra
  9741 | D:8      | Reached skill level 6 in Invocations
  9753 | D:8      | Reached ***** piety under Okawaru
  9964 | D:8      | Found a glowing silver altar of Zin.
  9966 | D:8      | 9966 ||| READING scroll of identify.
  9966 | D:8      | 9966 ||| IDENTIFYING encrusted emerald ring
  9967 | D:8      | 9967 ||| UPGRADING to ring of protection from fire.
 10001 | D:9      | Found a basalt altar of Yredelemnul.
 10047 | D:9      | 10047 ||| INVOKING Heroism.
 10049 | D:9      | 10049 ||| Stepping ~*~*~tactically~*~*~ (outnumbered).
 10050 | D:9      | 10050 ||| Stepping ~*~*~tactically~*~*~ (outnumbered).
 10051 | D:9      | 10051 ||| Stepping ~*~*~tactically~*~*~ (outnumbered).
 10052 | D:9      | 10052 ||| Stepping ~*~*~tactically~*~*~ (outnumbered).
 10053 | D:9      | 10053 ||| Stepping ~*~*~tactically~*~*~ (outnumbered).
 10054 | D:9      | 10054 ||| Stepping ~*~*~tactically~*~*~ (outnumbered).
 10055 | D:9      | 10055 ||| Stepping ~*~*~tactically~*~*~ (outnumbered).
 10056 | D:9      | 10056 ||| Stepping ~*~*~tactically~*~*~ (outnumbered).
 10057 | D:9      | 10057 ||| Stepping ~*~*~tactically~*~*~ (outnumbered).
 10058 | D:9      | 10058 ||| Stepping ~*~*~tactically~*~*~ (outnumbered).
 10059 | D:9      | 10059 ||| Stepping ~*~*~tactically~*~*~ (outnumbered).
 10060 | D:9      | 10060 ||| Stepping ~*~*~tactically~*~*~ (outnumbered).
 10061 | D:9      | 10061 ||| Stepping ~*~*~tactically~*~*~ (outnumbered).
 10062 | D:9      | 10062 ||| INVOKING Heroism.
 10063 | D:9      | 10063 ||| Stepping ~*~*~tactically~*~*~ (outnumbered).
 10064 | D:9      | 10064 ||| Stepping ~*~*~tactically~*~*~ (outnumbered).
 10065 | D:9      | 10065 ||| Stepping ~*~*~tactically~*~*~ (outnumbered).
 10066 | D:9      | 10066 ||| Stepping ~*~*~tactically~*~*~ (outnumbered).
 10067 | D:9      | 10067 ||| Stepping ~*~*~tactically~*~*~ (outnumbered).
 10070 | D:9      | 10070 ||| Stepping ~*~*~tactically~*~*~ (outnumbered).
 10071 | D:9      | 10071 ||| Stepping ~*~*~tactically~*~*~ (outnumbered).
 10073 | D:9      | 10073 ||| Stepping ~*~*~tactically~*~*~ (outnumbered).
 10074 | D:9      | 10074 ||| Stepping ~*~*~tactically~*~*~ (outnumbered).
 10076 | D:9      | 10076 ||| Stepping ~*~*~tactically~*~*~ (outnumbered).
 10078 | D:9      | 10078 ||| Stepping ~*~*~tactically~*~*~ (outnumbered).
 10079 | D:9      | 10079 ||| Stepping ~*~*~tactically~*~*~ (outnumbered).
 10080 | D:9      | 10080 ||| Stepping ~*~*~tactically~*~*~ (outnumbered).
 10081 | D:9      | 10081 ||| Stepping ~*~*~tactically~*~*~ (outnumbered).
 10083 | D:9      | 10083 ||| Stepping ~*~*~tactically~*~*~ (outnumbered).
 10084 | D:9      | 10084 ||| Stepping ~*~*~tactically~*~*~ (outnumbered).
 10085 | D:9      | 10085 ||| INVOKING Heroism.
 10086 | D:9      | 10086 ||| Stepping ~*~*~tactically~*~*~ (outnumbered).
 10088 | D:9      | 10088 ||| Stepping ~*~*~tactically~*~*~ (outnumbered).
 10090 | D:9      | 10090 ||| Stepping ~*~*~tactically~*~*~ (outnumbered).
 10091 | D:9      | 10091 ||| Stepping ~*~*~tactically~*~*~ (outnumbered).
 10092 | D:9      | 10092 ||| Stepping ~*~*~tactically~*~*~ (outnumbered).
 10094 | D:9      | 10094 ||| Stepping ~*~*~tactically~*~*~ (outnumbered).
 10095 | D:9      | 10095 ||| Stepping ~*~*~tactically~*~*~ (outnumbered).
 10096 | D:9      | 10096 ||| Stepping ~*~*~tactically~*~*~ (outnumbered).
 10097 | D:9      | 10097 ||| Stepping ~*~*~tactically~*~*~ (outnumbered).
 10099 | D:9      | 10099 ||| Stepping ~*~*~tactically~*~*~ (outnumbered).
 10100 | D:9      | 10100 ||| Stepping ~*~*~tactically~*~*~ (outnumbered).
 10101 | D:9      | 10101 ||| Stepping ~*~*~tactically~*~*~ (outnumbered).
 10102 | D:9      | 10102 ||| Stepping ~*~*~tactically~*~*~ (outnumbered).
 10117 | D:9      | 10117 ||| INVOKING Heroism.
 10144 | D:9      | HP: 16/71 [yak (5)]
 10145 | D:9      | 10145 ||| DRINKING 2 potions of heal wounds.
 10148 | D:9      | Reached skill level 9 in Shields
 10154 | D:9      | 10154 ||| INVOKING Heroism.
 10385 | D:9      | 10385 ||| INVOKING Heroism.
 10516 | D:9      | 10516 ||| INVOKING Heroism.
 10518 | D:9      | 10518 ||| Stepping ~*~*~tactically~*~*~ (outnumbered).
 10544 | D:9      | Noticed a two-headed ogre
 10553 | D:9      | 10553 ||| INVOKING Heroism.
 10564 | D:9      | Killed a two-headed ogre
 10572 | D:9      | 10572 ||| INVOKING Heroism.
 10580 | D:9      | HP: 16/71 [orc/falchion of draining (3)]
 10581 | D:9      | 10581 ||| DRINKING potion of heal wounds.
 10585 | D:9      | 10585 ||| Stepping ~*~*~tactically~*~*~ (outnumbered).
 10586 | D:9      | 10586 ||| Stepping ~*~*~tactically~*~*~ (outnumbered).
 10589 | D:9      | 10589 ||| Stepping ~*~*~tactically~*~*~ (outnumbered).
 10590 | D:9      | 10590 ||| Stepping ~*~*~tactically~*~*~ (outnumbered).
 10591 | D:9      | 10591 ||| Stepping ~*~*~tactically~*~*~ (outnumbered).
 10592 | D:9      | 10592 ||| Stepping ~*~*~tactically~*~*~ (outnumbered).
 10593 | D:9      | 10593 ||| Stepping ~*~*~tactically~*~*~ (outnumbered).
 10595 | D:9      | 10595 ||| Stepping ~*~*~tactically~*~*~ (outnumbered).
 10596 | D:9      | 10596 ||| Stepping ~*~*~tactically~*~*~ (outnumbered).
 10597 | D:9      | 10597 ||| Stepping ~*~*~tactically~*~*~ (outnumbered).
 10598 | D:9      | 10598 ||| Stepping ~*~*~tactically~*~*~ (outnumbered).
 10718 | D:9      | 10718 ||| EATING 13 rations.
 10796 | D:9      | Found a staircase to the Lair.
 10883 | D:9      | 10883 ||| INVOKING Heroism.
 10884 | D:9      | 10884 ||| Stepping ~*~*~tactically~*~*~ (outnumbered).
 10885 | D:9      | 10885 ||| Stepping ~*~*~tactically~*~*~ (outnumbered).
 10886 | D:9      | 10886 ||| Stepping ~*~*~tactically~*~*~ (outnumbered).
 10887 | D:9      | 10887 ||| Stepping ~*~*~tactically~*~*~ (outnumbered).
 10888 | D:9      | 10888 ||| Stepping ~*~*~tactically~*~*~ (outnumbered).
 10890 | D:9      | 10890 ||| Stepping ~*~*~tactically~*~*~ (outnumbered).
 10896 | D:9      | 10896 ||| Stepping ~*~*~tactically~*~*~ (outnumbered).
 10897 | D:9      | 10897 ||| Stepping ~*~*~tactically~*~*~ (outnumbered).
 10899 | D:9      | 10899 ||| Stepping ~*~*~tactically~*~*~ (outnumbered).
 10900 | D:9      | 10900 ||| Stepping ~*~*~tactically~*~*~ (outnumbered).
 10901 | D:9      | 10901 ||| Stepping ~*~*~tactically~*~*~ (outnumbered).
 10902 | D:9      | 10902 ||| Stepping ~*~*~tactically~*~*~ (outnumbered).
 10903 | D:9      | 10903 ||| Stepping ~*~*~tactically~*~*~ (outnumbered).
 10904 | D:9      | 10904 ||| Stepping ~*~*~tactically~*~*~ (outnumbered).
 10905 | D:9      | 10905 ||| Stepping ~*~*~tactically~*~*~ (outnumbered).
 10906 | D:9      | 10906 ||| Stepping ~*~*~tactically~*~*~ (outnumbered).
 10907 | D:9      | 10907 ||| Stepping ~*~*~tactically~*~*~ (outnumbered).
 10908 | D:9      | 10908 ||| Stepping ~*~*~tactically~*~*~ (outnumbered).
 10909 | D:9      | 10909 ||| INVOKING Heroism.
 10910 | D:9      | 10910 ||| Stepping ~*~*~tactically~*~*~ (outnumbered).
 10911 | D:9      | 10911 ||| Stepping ~*~*~tactically~*~*~ (outnumbered).
 10912 | D:9      | 10912 ||| Stepping ~*~*~tactically~*~*~ (outnumbered).
 11336 | D:9      | 11336 ||| UPGRADING to shiny scale mail.
 11346 | D:9      | 11346 ||| UPGRADING to +0 chain mail.
 11356 | D:9      | 11356 ||| DROPPING +2 scale mail of cold resistance.
 11357 | D:9      | 11357 ||| UPGRADING to plate armour.
 11367 | D:9      | 11367 ||| DROPPING +0 chain mail.
 11368 | D:9      | 11368 ||| READING 3 scrolls labeled GEILIS ZARCH.
 11369 | D:9      | 11369 ||| READING scroll of identify.
 11369 | D:9      | 11369 ||| IDENTIFYING runed peridot amulet
 11370 | D:9      | 11370 ||| UPGRADING to amulet of faith.
 11410 | Lair:1   | Entered Level 1 of the Lair of Beasts
 11411 | Lair:1   | 11411 ||| Entered L.
 11411 | Lair:1   | 11411 ||| INVOKING Heroism.
 11415 | Lair:1   | 11415 ||| STAIRDANCE
 11491 | Lair:1   | 11491 ||| INVOKING Heroism.
 11631 | D:9      | 11631 ||| EATING 15 rations.
 11632 | D:9      | 11632 ||| DROPPING executioner's axe.
 11661 | D:10     | Entered Level 10 of the Dungeon
 11670 | D:10     | 11670 ||| Stepping ~*~*~tactically~*~*~ (outnumbered).
 11672 | D:10     | 11672 ||| INVOKING Heroism.
 11673 | D:10     | 11673 ||| Stepping ~*~*~tactically~*~*~ (outnumbered).
 11675 | D:10     | 11675 ||| Stepping ~*~*~tactically~*~*~ (outnumbered).
 11676 | D:10     | 11676 ||| STAIRDANCE
 11677 | D:10     | Noticed Maurice
 11696 | D:10     | 11696 ||| STAIRDANCE
 11728 | D:10     | 11728 ||| INVOKING Heroism.
 11738 | D:10     | 11738 ||| Stepping ~*~*~tactically~*~*~ (outnumbered).
 11739 | D:10     | 11739 ||| STAIRDANCE
 11848 | D:9      | 11848 ||| Invisible monster not found???
 11850 | D:10     | 11850 ||| STAIRDANCE
 11852 | D:9      | 11852 ||| INVOKING Heroism.
 11876 | D:10     | 11876 ||| STAIRDANCE
 11977 | D:10     | 11977 ||| EATING 14 rations.
 11986 | D:10     | 11986 ||| EATING 14 rations.
 11994 | D:10     | 11994 ||| EATING 14 rations.
 11998 | D:10     | 11998 ||| EATING 14 rations.
 12002 | D:10     | 12002 ||| EATING 14 rations.
 12006 | D:10     | 12006 ||| EATING 14 rations.
 12011 | D:10     | 12011 ||| EATING 14 rations.
 12014 | D:10     | 12014 ||| EATING 14 rations.
 12018 | D:10     | 12018 ||| EATING 14 rations.
 12023 | D:10     | 12023 ||| EATING 14 rations.
 12074 | D:10     | 12074 ||| INVOKING Heroism.
 12214 | D:10     | 12214 ||| INVOKING Heroism.
 12216 | D:10     | 12216 ||| Stepping ~*~*~tactically~*~*~ (outnumbered).
 12233 | D:10     | 12233 ||| Stepping ~*~*~tactically~*~*~ (outnumbered).
 12234 | D:10     | 12234 ||| Stepping ~*~*~tactically~*~*~ (outnumbered).
 12236 | D:10     | 12236 ||| Stepping ~*~*~tactically~*~*~ (outnumbered).
 12238 | D:10     | 12238 ||| Stepping ~*~*~tactically~*~*~ (outnumbered).
 12239 | D:10     | 12239 ||| Stepping ~*~*~tactically~*~*~ (outnumbered).
 12240 | D:10     | 12240 ||| Stepping ~*~*~tactically~*~*~ (outnumbered).
 12241 | D:10     | 12241 ||| Stepping ~*~*~tactically~*~*~ (outnumbered).
 12242 | D:10     | 12242 ||| Stepping ~*~*~tactically~*~*~ (outnumbered).
 12243 | D:10     | 12243 ||| STAIRDANCE
 12276 | D:10     | 12276 ||| STAIRDANCE
 12288 | D:9      | 12288 ||| INVOKING Heroism.
 12453 | D:10     | 12453 ||| INVOKING Heroism.
 12454 | D:10     | 12454 ||| Stepping ~*~*~tactically~*~*~ (outnumbered).
 12491 | D:10     | 12491 ||| STAIRDANCE
 12493 | D:9      | 12493 ||| INVOKING Heroism.
 12573 | D:9      | 12573 ||| STAIRDANCE
 12664 | D:9      | Killed Maurice
 12664 | D:9      | Reached skill level 9 in Invocations
 12664 | D:9      | Reached XP level 12. HP: 76/76 MP: 18/18
 12736 | D:10     | Noticed Harold
 12738 | D:10     | 12738 ||| Stepping ~*~*~tactically~*~*~ (outnumbered).
 12741 | D:10     | 12741 ||| Stepping ~*~*~tactically~*~*~ (outnumbered).
 12742 | D:10     | 12742 ||| Stepping ~*~*~tactically~*~*~ (outnumbered).
 12744 | D:10     | 12744 ||| Stepping ~*~*~tactically~*~*~ (outnumbered).
 12746 | D:10     | 12746 ||| Stepping ~*~*~tactically~*~*~ (outnumbered).
 12747 | D:10     | 12747 ||| Stepping ~*~*~tactically~*~*~ (outnumbered).
 12748 | D:10     | 12748 ||| Stepping ~*~*~tactically~*~*~ (outnumbered).
 12749 | D:10     | 12749 ||| Stepping ~*~*~tactically~*~*~ (outnumbered).
 12750 | D:10     | 12750 ||| INVOKING Heroism.
 12751 | D:10     | 12751 ||| Stepping ~*~*~tactically~*~*~ (outnumbered).
 12752 | D:10     | 12752 ||| Stepping ~*~*~tactically~*~*~ (outnumbered).
 12797 | D:10     | 12797 ||| INVOKING Heroism.
 12817 | D:10     | Killed Harold
 13021 | D:10     | 13021 ||| Stepping ~*~*~tactically~*~*~ (outnumbered).
 13039 | D:10     | 13039 ||| INVOKING Heroism.
 13198 | D:10     | 13198 ||| EATING 13 rations.
 13206 | D:10     | 13206 ||| EATING 12 rations.
 13270 | D:10     | Reached skill level 11 in Axes
 13370 | D:10     | 13370 ||| Stepping ~*~*~tactically~*~*~ (outnumbered).
 13372 | D:10     | 13372 ||| Stepping ~*~*~tactically~*~*~ (outnumbered).
 13553 | D:10     | 13553 ||| Stepping ~*~*~tactically~*~*~ (outnumbered).
 13554 | D:10     | 13554 ||| Stepping ~*~*~tactically~*~*~ (outnumbered).
 13555 | D:10     | 13555 ||| Stepping ~*~*~tactically~*~*~ (outnumbered).
 13556 | D:10     | 13556 ||| Stepping ~*~*~tactically~*~*~ (outnumbered).
 13557 | D:10     | 13557 ||| Stepping ~*~*~tactically~*~*~ (outnumbered).
 13558 | D:10     | 13558 ||| Stepping ~*~*~tactically~*~*~ (outnumbered).
 13559 | D:10     | 13559 ||| Stepping ~*~*~tactically~*~*~ (outnumbered).
 13560 | D:10     | 13560 ||| Stepping ~*~*~tactically~*~*~ (outnumbered).
 13561 | D:10     | 13561 ||| Stepping ~*~*~tactically~*~*~ (outnumbered).
 13562 | D:10     | 13562 ||| Stepping ~*~*~tactically~*~*~ (outnumbered).
 13563 | D:10     | 13563 ||| Stepping ~*~*~tactically~*~*~ (outnumbered).
 13564 | D:10     | 13564 ||| Stepping ~*~*~tactically~*~*~ (outnumbered).
 13565 | D:10     | 13565 ||| Stepping ~*~*~tactically~*~*~ (outnumbered).
 13566 | D:10     | 13566 ||| STAIRDANCE
 13648 | D:9      | 13648 ||| READING 2 scrolls of identify.
 13648 | D:9      | 13648 ||| IDENTIFYING white potion
 13829 | D:10     | Noticed Snorg
 13836 | D:10     | 13836 ||| INVOKING Finesse.
 13841 | D:10     | 13841 ||| INVOKING Heroism.
 13861 | D:10     | 13861 ||| INVOKING Heroism.
 13872 | D:10     | Killed Snorg
 13872 | D:10     | Received a gift from Okawaru
 13930 | D:10     | 13930 ||| STAIRDANCE
 14137 | D:10     | 14137 ||| EATING 11 rations.
 14159 | D:10     | 14159 ||| Stepping ~*~*~tactically~*~*~ (outnumbered).
 14176 | D:10     | 14176 ||| STAIRDANCE
 14218 | D:10     | 14218 ||| Stepping ~*~*~tactically~*~*~ (outnumbered).
 14219 | D:10     | 14219 ||| Stepping ~*~*~tactically~*~*~ (outnumbered).
 14245 | D:10     | 14245 ||| Stepping ~*~*~tactically~*~*~ (outnumbered).
 14250 | D:10     | 14250 ||| EATING 10 rations.
 14289 | D:10     | Found a staircase to the Orcish Mines.
 14602 | D:11     | 14602 ||| STAIRDANCE
 14610 | D:10     | Reached skill level 9 in Armour
 14745 | D:11     | 14745 ||| INVOKING Heroism.
 14762 | D:11     | HP: 2/76 [very large slime creature (18)]
 14763 | D:11     | 14763 ||| READING 3 scrolls of teleportation.
 14763 | D:11     | Demolished by a very large slime creature

Vault maps used:
D:1:      wheals_arrival_linesprint
D:2:      chequers_temple_overflow_statue_of_worship
D:3:      lemuel_doored_altar, lemuel_crystal_altar, first_ration,
          uniq_crazy_yiuf_cottage, uniq_natasha
D:4:      portal_sewer_entry_b
D:5:      overflow_temple_1_default, minmay_temple_entry_hall,
          lemuel_old_faithful
D:6:      elyvilon_altar_3, kennysheep_mini_moat, kennysheep_little_box,
          enter_ossuary_5, serial_shops, shop, nicolae_elemental_shop
D:7:      kennysheep_housing_project, overflow_temple_1_default
D:8:      zin_treasury, hangedman_ranch, grunt_decor_mini_mirrors
D:9:      yredelemnul_forgotten_temple_becter, lair_entry_dummy
D:10:     zombieorc1_lemuel, serial_glass, glass_columns_a, glass_columns_c,
          glass_columns_a, glass_columns_a, glass_columns_b, glass_columns_b,
          serial_park_tiny_2, uniq_harold, uniq_snorg, uniq_maurice
D:11:     st_stairs_10, uniq_urug, uniq_sonja
Temple:   minmay_temple_curvy_loop
Lair:1:   grunt_forest_large_clearing_hut
Sewer:    sewer_minmay_w
Ossuary:  minmay_ossuary_gauntlet

Skill      XL: |  1  2  3  4  5  6  7  8  9 10 11 12 |
---------------+-------------------------------------+-----
Axes           | 2 3 4 5 6 7 8 9 10 11 | 11.0
Fighting       | 4 5 8 9 |  9.0
Shields        | 4 5 6 8 9 |  9.0
Dodging        | 1 |  1.3
Invocations    | 4 9 10 | 10.1
Armour         | 4 5 6 8 9 |  9.0

Action                   |  1- 3 |  4- 6 |  7- 9 | 10-12 || total
-------------------------+-------+-------+-------+-------++-------
Melee: War axe           |    99 |   193 |   396 |   172 ||   860
       Mace              |       |       |       |   880 ||   880
       Unarmed           |       |       |       |     3 ||     3
Throw: Tomahawk          |    24 |    33 |    82 |    62 ||   201
Invok: Heroism           |       |       |     8 |    31 ||    39
       Finesse           |       |       |       |     1 ||     1
  Use: Scroll            |     2 |     4 |    10 |     6 ||    22
       Potion            |     1 |     3 |     6 |     2 ||    12
  Eat: Chunk             |       |     5 |    10 |    15 ||    30
       Ration            |       |     1 |     2 |     8 ||    11
Armor: Scale mail        |    54 |    34 |       |       ||    88
       Chain mail        |       |   118 |   219 |   271 ||   608
       Plate armour      |       |       |       |   322 ||   322
       Skin              |       |       |       |     2 ||     2
Dodge: Dodged            |    30 |    61 |   117 |   340 ||   548
Block: Shield            |    71 |   114 |   222 |   708 ||  1115

Table legend:
 A = Spawn XP
 B = Non-spawn XP
 C = Spawn XP percentage of total XP
 D = Spawn monster count
 E = Non-spawn monster count
 F = Spawn count percentage of total count
 G = Total turns spent on level
                    A         B        C        D         E        F      G
               +---------+---------+-------+---------+---------+-------+---------
         Total |       0 |   23783 |   0.0 |       0 |     365 |   0.0 | 14763
               +---------+---------+-------+---------+---------+-------+---------
           D:1 |       0 |      36 |   0.0 |       0 |      24 |   0.0 |   664
           D:2 |       0 |      76 |   0.0 |       0 |      17 |   0.0 |   968
           D:3 |       0 |     138 |   0.0 |       0 |      14 |   0.0 |   930
           D:4 |       0 |      72 |   0.0 |       0 |      12 |   0.0 |  1120
           D:5 |       0 |     560 |   0.0 |       0 |      14 |   0.0 |   642
           D:6 |       0 |     124 |   0.0 |       0 |       9 |   0.0 |   857
           D:7 |       0 |    2396 |   0.0 |       0 |      59 |   0.0 |  1768
           D:8 |       0 |    7350 |   0.0 |       0 |      34 |   0.0 |  1688
           D:9 |       0 |    6240 |   0.0 |       0 |      54 |   0.0 |  2454
          D:10 |       0 |    5669 |   0.0 |       0 |      59 |   0.0 |  2065
          D:11 |       0 |     194 |   0.0 |       0 |       4 |   0.0 |   107
        Lair:1 |       0 |     425 |   0.0 |       0 |       1 |   0.0 |   114
         Sewer |       0 |     354 |   0.0 |       0 |      48 |   0.0 |   754
       Ossuary |       0 |     149 |   0.0 |       0 |      16 |   0.0 |   421
               +---------+---------+-------+---------+---------+-------+---------
